[Event "*** SCC Grand Prix: Titled Tuesday Blitz"]
[Site "Chess.com"]
[Date "2020.07.07"]
[Round "2"]
[White "comsac"]
[Black "Zhani-Z"]
[Result "0-1"]
[WhiteElo "2245"]
[BlackElo "2456"]
[TimeControl "180+1"]
[EndTime "10:18:24 PDT"]
[Termination "Zhani-Z won on time"]

1. e4 e5 2. Nf3 Nc6 3. Bc4 Bc5 4. c3 Nf6 5. d4 exd4 6. cxd4 Bb4+ 7. Bd2 Bxd2+ 8.
Nbxd2 d5 9. exd5 Nxd5 10. Qb3 Nce7 11. O-O O-O 12. Rfe1 c6 13. a4 Nb6 14. Bf1 Be6 15. Rxe6 fxe6 16. Qxe6+ Kh8 17. Ne5 Qe8 18. Ndf3 Nf5 19.
Qb3 Rb8 20. Re1 Nd5 21. Bc4 Qd8 22. Bxd5 cxd5 23. Qb5 a6 24. Qd7 Nh6 25. Rc1 Rc8 26.
Rxc8 Qxc8 27. h3 Qxd7 28. Nxd7 Rc8 29. Nc5 a5 30. Nxb7 Rc1+ 31. Kh2 Rc2 32. Nxa5 Rxb2 33. Nc6 Ra2 34. a5 Nf5 35. g4 Nd6 0-1

[Event "*** SCC Grand Prix: Titled Tuesday Blitz"]
[Site "Chess.com"]
[Date "2020.07.07"]
[Round "2"]
[White "GM_LOADING"]
[Black "Fandorine"]
[Result "0-1"]
[WhiteElo "2563"]
[BlackElo "2882"]
[TimeControl "180+1"]
[EndTime "10:18:25 PDT"]
[Termination "Fandorine won by resignation"]

1. e4 e5 2. Nf3 Nc6 3. Bc4 Nf6 4.
d3 Bc5 5. O-O d6 6. c3 a6 7. a4 h6 8. b4 Ba7 9. Re1 Be6 10. Na3 O-O 11. h3 Ne7 12. Be3 Bxe3 13. Rxe3 Ng6 14. Bxe6 fxe6 15. Nc4 Qe8 16. d4 exd4 17.
cxd4 Nxe4 18. Rxe4 d5 19. Rg4 dxc4 20. Qc2 Ne7 21.
Qxc4 Qc6 22. Qe2 Nd5 23. Re1 Rae8 24. b5 axb5 25. axb5 Qd6 26. Ne5 Rf6 27. Rg3 Nf4 28. Qd2 Ref8 29. Ng4 Rg6 30. Ree3 Rg5 31. h4 Rh5 32.
Ref3 Rxh4 33. Ne5 Qxd4 34. Qxd4 Ne2+ 35. Kf1 Nxg3+ 36. fxg3 Rxd4 0-1

[Event "*** SCC Grand Prix: Titled Tuesday Blitz"]
[Site "Chess.com"]
[Date "2020.07.07"]
[Round "2"]
[White "Artyom_ChessMate"]
[Black "Gloomy_Wanderer"]
[Result "0-1"]
[WhiteElo "2506"]
[BlackElo "2752"]
[TimeControl "180+1"]
[EndTime "10:18:25 PDT"]
[Termination "Gloomy_Wanderer won on time"]

1. e4 c5 2. Nc3 Nc6 3. Bb5 Nd4 4. Nf3 a6 5. Bd3 e6 6. O-O Nc6 7. b3 g5 8. h3 Bg7 9. Bb2 d6 10. Re1 h6 11. Na4 Bxb2 12. Nxb2 Nge7 13. Nc4 b5 14. Ne3 Ng6 15. Bf1 O-O 16. d4 Qb6 17. d5 Nce5 18. Nxe5 Nxe5 19. a4 Bd7 20. axb5 axb5 21. Rxa8 Rxa8 22. h4 Kg7 23. Qh5 f6 24. Ng4 Rh8 25.
Nxe5 dxe5 26. dxe6 Bxe6 27. Rd1 Qc6 28. Qe2 c4 29.
bxc4 bxc4 30. Qe3 Qc7 31. h5 Bf7 32. Be2 Rb8 33. g3 Rd8 34. Rxd8 Qxd8 35. Qa7 Qd4 36. Qb7 Qc3 37. Bg4 Qxc2 0-1

[Event "*** SCC Grand Prix: Titled Tuesday Blitz"]
[Site "Chess.com"]
[Date "2020.07.07"]
[Round "2"]
[White "Al_Shima"]
[Black "skslaviaorlova"]
[Result "1-0"]
[WhiteElo "2349"]
[BlackElo "1845"]
[TimeControl "180+1"]
[EndTime "10:18:25 PDT"]
[Termination "Al_Shima won by checkmate"]

1. b3 e5 2. Bb2 Nc6 3. e3 Nf6 4. Bb5 d6 5. Nf3 Be7 6. d4 exd4 7. Bxc6+ bxc6 8. Nxd4 c5 9. Qf3 Bg4 10. Qg3 cxd4 11. Bxd4 O-O 12. Nd2 c5 13. Bb2 Bf5 14. O-O-O g6 15. f3 Nd7 16. e4 Be6 17. h4 Bf6 18.
Qxd6 Bxb2+ 19. Kxb2 Qf6+ 20. c3 Rab8 21. h5 Ne5 22.
Qa6 Rfd8 23. Nb1 Nd3+ 24. Rxd3 c4 25. Rd5 Qf4 26. Rxd8+ Rxd8 27. Rc1 cxb3 28. axb3 Qe3 29. Rc2 Rb8 30. b4 Rb6 31. Qa5 Kg7 32. hxg6 hxg6 33.
Rd2 Rb7 34. Qe5+ Kg8 35. Rd8+ Kh7 36. Rh8# 1-0

[Event "*** SCC Grand Prix: Titled Tuesday Blitz"]
[Site "Chess.com"]
[Date "2020.07.07"]
[Round "2"]
[White "Natalya_Buksa"]
[Black "Mykola-Bortnyk"]
[Result "0-1"]
[WhiteElo "2549"]
[BlackElo "2841"]
[TimeControl "180+1"]
[EndTime "10:18:26 PDT"]
[Termination "Mykola-Bortnyk won by resignation"]

1. d4 d5 2. Nc3 Nf6 3. Bf4 c5 4. e3 cxd4 5. exd4 a6 6. Nf3 Nc6 7. Ne5 Bd7 8. Nxd7 Qxd7 9. Be2 e6 10. O-O Bd6 11. Bxd6 Qxd6 12. Na4 Nd7 13. b3 b5 14. Nb2 b4 15. Qd2 O-O 16. Bf3 a5 17. Rac1 Rfc8 18. Rfe1 Nb6 19. c4 bxc3 20. Rxc3 Qb4 21.
Rd3 a4 22. Nd1 axb3 23. Qxb4 Nxb4 24. Rxb3 Nc2 25. Rf1 Nc4 26. Ne3 N2xe3 27. fxe3 Nd2 28. Rb2 Nxf1 29. Kxf1 Rc3 30. Kf2 Rca3 31. Rb7 Rxa2+ 32. Kg3 g6 33. h4 Kg7 34. Kf4 h5 35. g4 hxg4 36.
Bxg4 Kf6 37. Bf3 Rh8 38. h5 gxh5 39. e4 dxe4 40. Bxe4 h4 41. d5 h3 42. dxe6 fxe6 43. Rb1 Rh4+ 44. Ke3 Ra3+ 45. Bd3 h2 46. Rh1 Rh3+ 47.
Kf4 Raxd3 48. Kg4 Rdg3+ 49. Kf4 e5+ 50. Ke4 Rg1 51. Rxh2 Rxh2 0-1

[Event "*** SCC Grand Prix: Titled Tuesday Blitz"]
[Site "Chess.com"]
[Date "2020.07.07"]
[Round "2"]
[White "QuintilianoR"]
[Black "andriipalchuk"]
[Result "1/2-1/2"]
[WhiteElo "2656"]
[BlackElo "2442"]
[TimeControl "180+1"]
[EndTime "10:18:26 PDT"]
[Termination "Game drawn by repetition"]

1. d4 Nf6 2. c4 e6 3. Nf3 b6 4. g3 Ba6 5. b3 Bb4+ 6. Bd2 Be7 7.
Nc3 c6 8. e4 d5 9. Qc2 O-O 10. Bd3 dxe4 11. Nxe4 Nbd7 12. O-O-O Nxe4 13. Bxe4 Nf6 14. Bxc6 Rc8 15. Ne5 Qxd4 16. Bc3 Qc5 17. b4 Qxc6 18. Nxc6 Rxc6 19. b5 Rxc4 20. bxa6 Rfc8 21.
Kb1 Rxc3 22. Qe2 Ba3 23. Ka1 h6 24. Rb1 Rc2 25. Qd3 Be7 26. Rb2 R2c7 27. Rd1 Nd5 28.
a3 Bf6 29. Ka2 Nc3+ 30. Kb3 Nxd1 31. Qxd1 Bxb2 32. Kxb2 Rc2+ 33. Kb3 R2c3+ 34. Kb4 R8c4+ 35. Kb5 Rc5+ 36. Kb4 R3c4+ 37. Kb3 Rc7 38. Qd8+ Kh7 39. Qd3+ Kg8 40. Qd8+ Kh7 41. Qd3+ Kg8 42. Qd8+ 1/2-1/2

[Event "*** SCC Grand Prix: Titled Tuesday Blitz"]
[Site "Chess.com"]
[Date "2020.07.07"]
[Round "2"]
[White "Aygehovit1992"]
[Black "InitiatingASC"]
[Result "1-0"]
[WhiteElo "2635"]
[BlackElo "2322"]
[TimeControl "180+1"]
[EndTime "10:18:26 PDT"]
[Termination "Aygehovit1992 won by checkmate"]

1. e4 c5 2. Nf3 Nc6 3. Bb5 Nf6 4. Bxc6 bxc6 5. e5 Nd5 6. c4 Nc7 7. d4 cxd4 8. Qxd4 Ne6 9. Qh4 g6 10. O-O Bg7 11. Nc3 O-O 12. Bh6 f6 13. Bxg7 Kxg7 14. Rad1 Rb8 15. b3 Qa5 16. exf6+ exf6 17. Qg3 Qc7 18.
Rd6 Rf7 19. Rfd1 Bb7 20. Ne4 Rd8 21. h4 c5 22. Nc3 Bc6 23. Nd5 Bxd5 24. cxd5 Nf8 25.
h5 Re8 26. Ng5 Rfe7 27. Nf3 Qb8 28. Qf4 Rf7 29. h6+ Kg8 30. g3 g5 31. Nxg5 fxg5 32. Qxg5+ Kh8 33. Rf6 Rfe7 34. Rxf8+ Rxf8 35. Qxe7 Qe8 36. Qg7# 1-0

[Event "*** SCC Grand Prix: Titled Tuesday Blitz"]
[Site "Chess.com"]
[Date "2020.07.07"]
[Round "2"]
[White "Munkhzul_Turmunkh"]
[Black "Parkas"]
[Result "0-1"]
[WhiteElo "2609"]
[BlackElo "2336"]
[TimeControl "180+1"]
[EndTime "10:18:26 PDT"]
[Termination "Parkas won by resignation"]

1. e4 g6 2. d4 Bg7 3. Nf3 d6 4. Nc3 Nf6 5. Be2 O-O 6. O-O e6 7. Bg5 h6 8. Bf4 Nc6 9. Qd2 Kh7 10. Rad1 b6 11. h3 Bb7 12. Rfe1 Ne7 13. Bf1 d5 14. e5 Ne4 15. Qe3 Nf5 16. Qd3 c5 17. dxc5 bxc5 18. Nxe4 dxe4 19. Qxd8 Rfxd8 20. Nd2 g5 21. Bh2 Rd7 22. Bb5 Rd5 23. Bc4 Rd7 24. g4 Nd4 25.
c3 Nc2 26. Re2 Rad8 27. Bb5 Rd5 28. Bc4 R5d7 29. Kf1 e3 30. fxe3 Rxd2 31. Rdxd2 Rxd2 32. Rxd2 Nxe3+ 33. Kf2 Nxc4 34. Rd7 Bd5 35. Rxf7 Nxb2 36. Rxa7 Kg6 37. a4 Bxe5 38. Bxe5 Nd3+ 39. Ke3 Nxe5 40. a5 Bg2 41. Re7 Kf6 42. Rh7 Nf7 43. a6 Kg6 44.
Kf2 Bc6 45. Rxf7 Kxf7 46. Ke3 Ke7 47. Kd3 Kd6 48. Kc4 e5 49. a7 e4 50. Kb3 Kd5 51.
Kc2 Kc4 52. Kd2 Kb5 53. Ke3 Ka6 0-1

[Event "*** SCC Grand Prix: Titled Tuesday Blitz"]
[Site "Chess.com"]
[Date "2020.07.07"]
[Round "2"]
[White "Xeniya2005"]
[Black "TurboSteen"]
[Result "1-0"]
[WhiteElo "2365"]
[BlackElo "1953"]
[TimeControl "180+1"]
[EndTime "10:18:26 PDT"]
[Termination "Xeniya2005 won on time"]

1. e4 e6 2. d4 d5 3. Nd2 Nf6 4. e5 Nfd7 5. Bd3 c5 6. c3 Nc6 7. Ngf3 g6 8. O-O Bg7 9. Re1 O-O 10. Nf1 cxd4 11. cxd4 Qb6 12. Bb1 f6 13. exf6 Nxf6 14.
Ng3 Ng4 15. h3 Nxf2 16. Kxf2 Nxd4 17. Kf1 e5 18. Be3 Rxf3+ 19. gxf3 Bxh3+ 20. Kg1 Qxb2 21. Bf2 Qxa1 22. Kh2 Bd7 23. Bxd4 Qxd4 24. Qxd4 exd4 25. Bd3 b6 26. Re7 Rd8 27. Kg2 Kf8 28. Re2 Re8 29. Rc2 Re3 30. Rd2 Be5 31. Nf1 b5 32. Nxe3 dxe3 33.
Rc2 d4 34. Kf1 Ke7 35. Ke2 Kd6 36. a3 1-0

[Event "*** SCC Grand Prix: Titled Tuesday Blitz"]
[Site "Chess.com"]
[Date "2020.07.07"]
[Round "2"]
[White "Fins0905"]
[Black "silverback96"]
[Result "1-0"]
[WhiteElo "2634"]
[BlackElo "2237"]
[TimeControl "180+1"]
[EndTime "10:18:27 PDT"]
[Termination "Fins0905 won by resignation"]

1. d4 Nf6 2. Nf3 c5 3. c3 g6 4. Bg5 Bg7 5. Nbd2 d5 6. e3 O-O 7. Bd3 h6 8. Bh4 Nc6 9. h3 Qb6 10. Rb1 c4 11. Bc2 Nd7 12. e4 Nf6 13. Bxf6 exf6 14.
exd5 Re8+ 15. Kf1 Na5 16. b4 cxb3 17. axb3 Qc7 18. c4 b6 19. g3 Nb7 20. Kg2 a5 21.
Re1 Bd7 22. Rxe8+ Rxe8 23. Qf1 Qc8 24. Ng1 f5 25. Ndf3 Nd6 26. Re1 Ne4 27. Ne5 Bxe5 28. dxe5 Rxe5 29. f3 Nd2 30. Qf2 Nxc4 31. bxc4 Rxe1 32.
Qxe1 Qxc4 33. Qd2 a4 34. Ne2 a3 35. Bb1 Bb5 36. d6 Qe6 37. Nf4 Qd7 38. Ba2 Kg7 39.
Qd4+ f6 40. Ne6+ 1-0

[Event "*** SCC Grand Prix: Titled Tuesday Blitz"]
[Site "Chess.com"]
[Date "2020.07.07"]
[Round "2"]
[White "MathiasWomacka"]
[Black "LaPorfia"]
[Result "1/2-1/2"]
[WhiteElo "2439"]
[BlackElo "2227"]
[TimeControl "180+1"]
[EndTime "10:18:27 PDT"]
[Termination "Game drawn by repetition"]

1. e4 d5 2. exd5 Nf6 3. Nf3 Bg4 4. Bb5+ Nbd7 5. h3 Bh5 6. c4 a6 7.
Ba4 b5 8. cxb5 Nxd5 9. Nc3 e6 10. Nxd5 exd5 11. O-O Be7 12. bxa6 Rxa6 13. d4 O-O 14. Bf4 Nf6 15. Rc1 Bxf3 16. gxf3 Bd6 17. Bg3 Nh5 18. Kg2 Qg5 19. f4 Nxf4+ 20. Kh2 Qh6 21.
h4 Qe6 22. Qf3 Rxa4 23. Bxf4 Qf6 24. Kg3 Qg6+ 25. Kh3 Rxd4 26. Bxd6 Rd3 27. Qxd3 Qxd3+ 28. Bg3 f5 29. Rfd1 Qe4 30. Bxc7 f4 31. Rc3 Qf5+ 32. Kg2 Qg4+ 33. Kh2 Qxd1 34. Be5 f3 35. Rc7 Rf7 36.
Rc8+ Rf8 37. Rc7 Rf7 38. Rc8+ Rf8 39. Rc7 1/2-1/2

[Event "*** SCC Grand Prix: Titled Tuesday Blitz"]
[Site "Chess.com"]
[Date "2020.07.07"]
[Round "2"]
[White "Mazetovic"]
[Black "AttilaTurzo"]
[Result "1-0"]
[WhiteElo "2744"]
[BlackElo "2505"]
[TimeControl "180+1"]
[EndTime "10:18:28 PDT"]
[Termination "Mazetovic won by resignation"]

1. e4 c5 2. Nf3 d6 3. Bb5+ Bd7 4. Bxd7+ Qxd7 5. O-O Nf6 6. Re1 e6 7. c3 Nc6 8. d4 cxd4 9. cxd4 d5 10. e5 Ne4 11.
Nbd2 Nxd2 12. Bxd2 Be7 13. Rc1 O-O 14. Rc3 Rac8 15.
h4 f5 16. exf6 Bxf6 17. Bg5 Qd6 18. Rce3 Rce8 19. Bxf6 gxf6 20. Qe2 Nd8 21. h5 Kh8 22. g3 Re7 23. Nh4 Rg7 24. Kh2 Rg5 25. h6 Rfg8 26. Rxe6 Nxe6 27. Qxe6 Qxe6 28. Rxe6 f5 29. Rf6 Rh5 30.
f4 Re8 31. Kg2 Kg8 32. Nxf5 Re2+ 33. Kf3 Rhh2 34. Rd6 Kf7 35. Kg4 Rxb2 36. Rd7+ Ke6 37. Rxh7 a5 38. Re7+ Kf6 39. h7 a4 40. Rd7 Rb5 41.
Nh4 Rxa2 42. h8=Q+ 1-0

[Event "*** SCC Grand Prix: Titled Tuesday Blitz"]
[Site "Chess.com"]
[Date "2020.07.07"]
[Round "2"]
[White "shanemelaughcm"]
[Black "jocmil"]
[Result "0-1"]
[WhiteElo "2278"]
[BlackElo "2468"]
[TimeControl "180+1"]
[EndTime "10:18:28 PDT"]
[Termination "jocmil won by resignation"]

1. e4 e6 2. d4 d5 3. Nd2 Nf6 4. e5 Nfd7 5. Bd3 c5 6. c3 Nc6 7. Ngf3 g6 8. h4 h6 9. Nf1 Qb6 10. Qb3 c4 11. Qxb6 axb6 12. Bc2 b5 13. Bd2 b4 14.
Ne3 b5 15. O-O Nb6 16. b3 bxc3 17. Bxc3 b4 18. Bd2 c3 19. Bc1 Ba6 20. Re1 Be7 21.
Ng4 Kd7 22. Bxh6 Bb5 23. Bg5 Ra3 24. Nf6+ Kc7 25. Red1 Rha8 26. Bd3 Bxd3 27. Rxd3 Rxa2 28. Rc1 Ra1 29. Rdd1 Rxc1 30. Rxc1 Ra3 31. g4 Rxb3 32.
h5 gxh5 33. gxh5 Bf8 34. Nh7 Nd7 35. Nxf8 Nxf8 36. Bh6 Nh7 37. Bg7 Rb2 38. h6 c2 39.
Kg2 b3 40. Ne1 Nxd4 41. Nd3 Rb1 42. Ne1 Rxc1 0-1

[Event "*** SCC Grand Prix: Titled Tuesday Blitz"]
[Site "Chess.com"]
[Date "2020.07.07"]
[Round "2"]
[White "mikheeva86"]
[Black "Kotofeyca"]
[Result "0-1"]
[WhiteElo "1912"]
[BlackElo "2358"]
[TimeControl "180+1"]
[EndTime "10:18:29 PDT"]
[Termination "Kotofeyca won by resignation"]

1. e4 c5 2. Nc3 a6 3. g3 b5 4.
Bg2 Bb7 5. d3 g6 6. Be3 d6 7. Qd2 Bg7 8. f4 e6 9. Nf3 Ne7 10. O-O Nbc6 11. d4 cxd4 12. Nxd4 Na5 13. Bf2 Nc4 14. Qc1 Rc8 15. Nce2 O-O 16. b3 Na5 17.
Rb1 e5 18. Nf3 Bxe4 19. fxe5 dxe5 20. c3 Qd3 21. Ne1 Qxe2 22. Rb2 Qg4 23. h3 Qf5 24. g4 Qe6 25. Bxe4 f5 26. gxf5 gxf5 27. Bg2 e4 28.
Rc2 Nd5 29. c4 bxc4 30. bxc4 Nb4 31. Re2 Rxc4 32. Qa3 Nac6 33. Nf3 Rc3 34. Ng5 Qg6 35. Qxc3 Bxc3 36. h4 Bd4 0-1

[Event "*** SCC Grand Prix: Titled Tuesday Blitz"]
[Site "Chess.com"]
[Date "2020.07.07"]
[Round "2"]
[White "SzMM19"]
[Black "RaunakSadhwani2005"]
[Result "0-1"]
[WhiteElo "2572"]
[BlackElo "2922"]
[TimeControl "180+1"]
[EndTime "10:18:30 PDT"]
[Termination "RaunakSadhwani2005 won by resignation"]

1. e4 c6 2. Nc3 d5 3. Nf3 g6 4. d4 Bg7 5. h3 dxe4 6. Nxe4 Nf6 7. Nxf6+ exf6 8. Bd3 O-O 9. O-O Re8 10. c3 Nd7 11.
Re1 Nf8 12. Bd2 Be6 13. a4 a5 14. c4 g5 15. Bc3 Ng6 16. Qd2 Qd7 17. Bf1 h5 18.
Rad1 Bf5 19. d5 c5 20. Bd3 g4 21. hxg4 hxg4 22. Nh2 Bxd3 23. Qxd3 Nf4 24. Qd2 Bh6 25. Qc2 Bg5 26. Nf1 Nh5 27. b3 b6 28.
Qd3 Nf4 29. Qc2 Nh5 30. Qd3 Kg7 31. Ng3 Nxg3 32. Qxg3 Qf5 33. d6 Bf4 34. Qd3 Rxe1+ 35. Bxe1 Qh5 36. g3 Rh8 37. Kf1 Qh1+ 38. Ke2 Re8+ 0-1

[Event "*** SCC Grand Prix: Titled Tuesday Blitz"]
[Site "Chess.com"]
[Date "2020.07.07"]
[Round "2"]
[White "DrVelja"]
[Black "TigranMukhutdinov"]
[Result "1-0"]
[WhiteElo "2806"]
[BlackElo "2529"]
[TimeControl "180+1"]
[EndTime "10:18:30 PDT"]
[Termination "DrVelja won by resignation"]

1. e4 c5 2. Nf3 Nc6 3. d4 cxd4 4. Nxd4 e5 5. Nb5 d6 6. c4 Be7 7. Be2 Nf6 8. N1c3 a6 9. Na3 O-O 10.
O-O Be6 11. Be3 Rc8 12. Qd2 Nd7 13. Nc2 f5 14. exf5 Bxf5 15. Bd3 Be6 16. b3 Nf6 17. f3 Nh5 18. Nd5 Bxd5 19. cxd5 Nb8 20. g3 Nd7 21. Rac1 Nc5 22. Be2 Nf6 23. Rfd1 h6 24.
Na3 Nh7 25. b4 Nd7 26. Rxc8 Qxc8 27. Rc1 Qd8 28. Nc4 b5 29. Na5 Bg5 30. Rc6 Bxe3+ 31.
Qxe3 Nb8 32. Rc1 Nf6 33. Qb3 Qd7 34. Nc6 Qf7 35. Nxb8 Rxb8 36. Rc6 Qxd5 37. Rxd6 Qxb3 38. axb3 e4 39. Rxa6 exf3 40. Bxf3 Rd8 41. Be2 Rd4 42.
Bxb5 Rxb4 43. Bc4+ Kh7 44. Ra5 Ne4 45. Rb5 Rxb5 46.
Bxb5 Nd2 47. Bd3+ Kg8 48. b4 Kf7 49. Kf2 Ke6 50. Ke3 1-0

[Event "*** SCC Grand Prix: Titled Tuesday Blitz"]
[Site "Chess.com"]
[Date "2020.07.07"]
[Round "2"]
[White "VladimirBugayev"]
[Black "2nd_life"]
[Result "0-1"]
[WhiteElo "2249"]
[BlackElo "2456"]
[TimeControl "180+1"]
[EndTime "10:18:30 PDT"]
[Termination "2nd_life won on time"]

1. e4 e5 2. Nf3 Nc6 3. Nc3 Nf6 4. d4 exd4 5. Nxd4 Bb4 6. Nxc6 bxc6 7. Bd3 d5 8. exd5 O-O 9. O-O cxd5 10. h3 c6 11. Qf3 Bd6 12. Bg5 Rb8 13. b3 Be5 14.
Bf4 Bxf4 15. Qxf4 Be6 16. Na4 Nd7 17. Qd6 Nb6 18. Qxd8 Rfxd8 19. Nc5 Nd7 20. Nxd7 Rxd7 21. f4 f6 22. Rfe1 Bf7 23. Re3 Kf8 24. Rae1 h6 25.
g4 c5 26. h4 Re8 27. Kf2 Rxe3 28. Rxe3 a5 29. g5 Re7 30. g6 Rxe3 31. Kxe3 Be6 32. f5 Bd7 33. Kf4 Ke7 34. c3 Kd6 35. Be2 Bc6 36. Bf3 Bb5 37. a3 Bd3 38. Bd1 d4 0-1

[Event "*** SCC Grand Prix: Titled Tuesday Blitz"]
[Site "Chess.com"]
[Date "2020.07.07"]
[Round "2"]
[White "r31415"]
[Black "icychess54"]
[Result "0-1"]
[WhiteElo "2438"]
[BlackElo "2256"]
[TimeControl "180+1"]
[EndTime "10:18:31 PDT"]
[Termination "icychess54 won by resignation"]

1. c4 c6 2. d4 d5 3. Nf3 Nf6 4.
Nc3 e6 5. e3 Nbd7 6. Qc2 Be7 7.
b3 O-O 8. Bb2 b6 9. Bd3 Bb7 10.
O-O Rc8 11. Rac1 c5 12. Qb1 dxc4 13. Bxc4 Bxf3 14. gxf3 cxd4 15. Nb5 dxe3 16. fxe3 Bc5 17. Rfe1 Nh5 18. Qe4 Qg5+ 19. Kh1 Ndf6 20. Qe5 Qh6 21. Nxa7 Rcd8 22. Rc2 Bd6 23. Qc3 Ng3+ 24. Kg2 Nf5 25. Kg1 Qh3 26. Rg2 Kh8 27. Qxf6 Qxg2+ 28. Kxg2 gxf6 29.
Bxf6+ Kg8 30. Kf2 Rfe8 31. Bxd8 Rxd8 32. Nc6 Rd7 33. Kg1 Bc5 34. Kf2 Rd2+ 35. Re2 Bxe3+ 36. Ke1 Rd6 37. Ne5 Bf4 38. Nd3 Bh6 39. Kf2 Nd4 40.
Re1 b5 41. Bxe6 Nxe6 42. Rg1+ Kf8 43. Ne5 Rd2+ 44. Ke1 Rxa2 45. h4 Ra1+ 46. Kf2 Be3+ 47. Kxe3 Rxg1 0-1

[Event "*** SCC Grand Prix: Titled Tuesday Blitz"]
[Site "Chess.com"]
[Date "2020.07.07"]
[Round "2"]
[White "MasterKroket"]
[Black "malakismayil"]
[Result "0-1"]
[WhiteElo "2392"]
[BlackElo "2139"]
[TimeControl "180+1"]
[EndTime "10:18:31 PDT"]
[Termination "malakismayil won by resignation"]

1. d4 Nf6 2. c4 e6 3. Nf3 Bb4+ 4.
Bd2 Qe7 5. g3 Nc6 6. Bg2 O-O 7.
O-O Bxd2 8. Nbxd2 d6 9. e4 e5 10. d5 Nb8 11. Ne1 a5 12. Nd3 Na6 13. a3 Bd7 14. b4 c6 15. Rb1 Rfc8 16. c5 dxc5 17. Nc4 b5 18. Nb6 c4 19. Nxc8 Rxc8 20. Nc1 axb4 21. d6 Qd8 22. axb4 c5 23. bxc5 Nxc5 24.
f4 Nfxe4 25. fxe5 Nc3 26. Qc2 Nxb1 27. Qxb1 Qb6 28. Bd5 Be6 29. Bxe6 Nxe6+ 30. Kg2 b4 31. Qf5 Rf8 32. Ne2 b3 33. Nc3 Qd4 34. Ne4 c3 35. Qg4 Qxe5 36. Rf5 Qd4 37. Qf3 c2 38. Rxf7 Rxf7 39. Qxb3 Qxe4+ 40. Kh3 c1=Q 41. Qb8+ Rf8 42. d7 Rxb8 0-1

[Event "*** SCC Grand Prix: Titled Tuesday Blitz"]
[Site "Chess.com"]
[Date "2020.07.07"]
[Round "2"]
[White "Infernal_XaM"]
[Black "AliKa2810"]
[Result "1-0"]
[WhiteElo "2938"]
[BlackElo "2581"]
[TimeControl "180+1"]
[EndTime "10:18:32 PDT"]
[Termination "Infernal_XaM won by resignation"]

1. d4 Nf6 2. c4 g6 3. Nc3 Bg7 4. e4 d6 5. Nf3 O-O 6. Be2 e5 7. O-O Nc6 8. d5 Ne7 9. b4 a5 10. bxa5 Rxa5 11. a4 b6 12. Ba3 Re8 13. Bb4 Ra8 14. a5 c5 15. dxc6 Nxc6 16. Bxd6 Rxa5 17.
Rxa5 Nxa5 18. Nxe5 Nb7 19. Bb8 Qxd1 20. Rxd1 Nxe4 21. Nxe4 Bxe5 22. Bxe5 Rxe5 23. Bf3 Kg7 24. h4 Nc5 25. Nd6 Be6 26. Rb1 Na4 27. Rb4 Re1+ 28. Kh2 Ra1 29. Bc6 Nc3 30. Rxb6 Rd1 31. c5 Rd4 32.
Bf3 Rxh4+ 33. Kg1 Rd4 34. Ne8+ Kf8 35. Rb8 Ke7 36. c6 Rc4 37. Nc7 h5 38. Re8+ Kf6 39. Nxe6 fxe6 40. Rf8+ Ke7 41. Rg8 Kf7 42. Rd8 Nd5 43. Rxd5 Rc1+ 44. Rd1 Rxd1+ 45. Bxd1 Ke7 46. Bf3 1-0

[Event "*** SCC Grand Prix: Titled Tuesday Blitz"]
[Site "Chess.com"]
[Date "2020.07.07"]
[Round "2"]
[White "Kaua18"]
[Black "NormWeinstein"]
[Result "0-1"]
[WhiteElo "2208"]
[BlackElo "2438"]
[TimeControl "180+1"]
[EndTime "10:18:32 PDT"]
[Termination "NormWeinstein won by checkmate"]

1. e4 c5 2. Nf3 d6 3. d4 Nf6 4. Nc3 cxd4 5. Nxd4 Nc6 6. Bg5 e6 7. Qd2 Be7 8. O-O-O O-O 9. Kb1 h6 10. Bxf6 Bxf6 11.
Ndb5 Qb6 12. f4 Rd8 13. Bc4 Na5 14. Bb3 Be7 15. Rhe1 Nxb3 16. cxb3 a6 17. Na3 Qa7 18. f5 b5 19. Nc2 exf5 20. exf5 Bxf5 21. Ka1 Rac8 22.
Nd4 Bg6 23. Qf4 Bg5 24. Qf3 Qa8 25. Nd5 Kh7 26. Nf5 Re8 27. Rf1 Qc6 28. h4 Bd8 29. h5 Bxf5 30. Qxf5+ Kh8 31. Qxf7 Bg5 32. a3 a5 33. Qg6 Rf8 34. Ne7 Bxe7 35. Rfe1 Bf6 36. Ka2 a4 37. bxa4 Qc4+ 38. Ka1 Qb3 39. Qd3 Qxb2# 0-1

[Event "*** SCC Grand Prix: Titled Tuesday Blitz"]
[Site "Chess.com"]
[Date "2020.07.07"]
[Round "2"]
[White "cassoulet"]
[Black "mfwagnerpeixoto"]
[Result "1/2-1/2"]
[WhiteElo "2619"]
[BlackElo "2225"]
[TimeControl "180+1"]
[EndTime "10:18:33 PDT"]
[Termination "Game drawn - insufficient material"]

1. e4 c5 2. Nc3 e6 3. g3 Nc6 4. Bg2 g6 5. h4 h5 6. Nf3 Bg7 7. d3 Nge7 8. Be3 Nd4 9. Qd2 d6 10. Nd1 e5 11. c3 Ne6 12. Ng5 f6 13. Nxe6 Bxe6 14. O-O Qd7 15. d4 cxd4 16. cxd4 exd4 17. Bxd4 Nc6 18. Bc3 O-O 19. Ne3 Ne5 20. b3 Rac8 21.
Rfd1 f5 22. exf5 Bxf5 23. Bb4 Bg4 24. Nxg4 Nxg4 25. Rac1 Rxc1 26. Rxc1 Rxf2 27. Qxd6 Qxd6 28. Bxd6 Rxa2 29. Rc8+ Kh7 30. Bxb7 Bd4+ 31. Kf1 Ne3+ 32. Ke1 Nf5 33. Rc7+ Kh8 34. Bf4 Bf2+ 35. Kd1 Bxg3 36. Bxg3 Nxg3 37. Bc8 Nf5 38. Bxf5 gxf5 39. Rf7 Ra3 40. Kc2 Ra5 41. b4 Rb5 42. Kc3 a5 43. bxa5 Rxa5 44. Kd4 Kg8 45. Rb7 Ra4+ 46. Ke5 Rxh4 47.
Kxf5 Rg4 48. Kf6 Rf4+ 49. Kg5 Rg4+ 50. Kxh5 Rg7 51. Rxg7+ Kxg7 1/2-1/2

[Event "*** SCC Grand Prix: Titled Tuesday Blitz"]
[Site "Chess.com"]
[Date "2020.07.07"]
[Round "2"]
[White "ChronicUnhappiness"]
[Black "Morshynska"]
[Result "1-0"]
[WhiteElo "2426"]
[BlackElo "2179"]
[TimeControl "180+1"]
[EndTime "10:18:33 PDT"]
[Termination "ChronicUnhappiness won on time"]

1. c4 Nf6 2. Nc3 c5 3. Nf3 Nc6 4. e3 e6 5. d4 cxd4 6. exd4 d5 7. a3 Be7 8. c5 Ne4 9. Bd3 f5 10. O-O O-O 11. Qc2 Bf6 12. Ne2 g5 13. Rd1 g4 14.
Bxe4 fxe4 15. Ne1 Qe7 16. Be3 Bd7 17. g3 Be8 18. Ng2 h5 19. Ngf4 h4 20. b4 Qf7 21.
b5 Ne7 22. Rac1 Bxb5 23. Rb1 Ba6 24. Nc3 Nf5 25. Nb5 Kh7 26. Nd6 Qe7 27. Nxf5 exf5 28. Nxd5 Qd7 29. Nf4 h3 30. d5 Be5 31. c6 Qf7 32. cxb7 Bxb7 33. d6 Rac8 34. Qb3 Ba8 35. Qxf7+ Rxf7 36. d7 Rd8 37. Ne6 1-0

[Event "*** SCC Grand Prix: Titled Tuesday Blitz"]
[Site "Chess.com"]
[Date "2020.07.07"]
[Round "2"]
[White "londonkid"]
[Black "ammarzooqi"]
[Result "1-0"]
[WhiteElo "2420"]
[BlackElo "2162"]
[TimeControl "180+1"]
[EndTime "10:18:33 PDT"]
[Termination "londonkid won by resignation"]

1. d4 Nf6 2. c4 g6 3. Nc3 d5 4. Bg5 Bg7 5. Bxf6 exf6 6. cxd5 O-O 7. Nf3 Bg4 8. e3 Nd7 9. Be2 Nb6 10. h3 Bc8 11. Qb3 f5 12. O-O f4 13. exf4 Qd6 14. Ne5 f6 15. Nb5 Qxd5 16. Nc4 Be6 17. Nxc7 Qc6 18.
Nxe6 Qxe6 19. Rfe1 Kh8 20. Nxb6 Qxb6 21. Qxb6 axb6 22.
Bf3 Rf7 23. a3 f5 24. Rad1 Rd7 25. d5 Bxb2 26. Rb1 Bd4 27. Red1 Bc5 28. Rd3 Kg7 29. d6 Kf6 30. Re1 Rxd6 31. Rxd6+ Bxd6 32. Bxb7 Rxa3 33. Bd5 Bxf4 34. Re6+ Kg7 35. g3 Bc7 36. Re7+ Kf6 37.
Rxc7 Rd3 38. Bg2 b5 39. Rb7 Rb3 40. Rxh7 b4 41. Rb7 Rb2 42. Bd5 Ke5 43. Bf7 g5 44.
Rb5+ Kf6 45. Bd5 Rb1+ 46. Kg2 f4 47. gxf4 gxf4 48. Kf3 Rb2 49. Kxf4 Rxf2+ 50. Kg3 Rb2 51. h4 Ke5 52. Bf3+ Kd4 53. h5 Kc4 54. Rb8 b3 55. h6 Ra2 56. h7 1-0

[Event "*** SCC Grand Prix: Titled Tuesday Blitz"]
[Site "Chess.com"]
[Date "2020.07.07"]
[Round "2"]
[White "chegueps"]
[Black "Klavdia_Nik"]
[Result "1-0"]
[WhiteElo "2393"]
[BlackElo "2077"]
[TimeControl "180+1"]
[EndTime "10:18:33 PDT"]
[Termination "chegueps won on time"]

1. d4 Nf6 2. Nf3 c5 3. e3 b6 4. Bd3 Bb7 5. O-O g6 6. c4 Bg7 7. d5 b5 8. Nc3 bxc4 9. Bxc4 d6 10.
e4 O-O 11. h3 Nfd7 12. a4 Ne5 13. Nxe5 Bxe5 14. Bh6 Re8 15. f4 Bh8 16. e5 Ba6 17. Nb5 Bc8 18. e6 Bxb2 19. f5 Bf6 20. g4 a6 21. g5 Bg7 22. Bxg7 Kxg7 23. f6+ Kh8 24.
exf7 Rf8 25. fxe7 Qxe7 26. Qf3 axb5 27. Bxb5 Bf5 28. Rae1 Qxf7 29. Qc3+ Qg7 30. Qb3 Nd7 31. Bxd7 1-0